 Dungeon Crawl Stone Soup version bcrawl-1.21.2-28-g2cb1824106 (webtiles) character file.

Game seed: 13346604908051545057

5 MisterOstroum the Charmwright (level 1, 0/12 HPs)
             Began as a Skeleton Skald on Mar 6, 2020.
             Slain by a ball python (1 damage)
             ... on level 1 of the Dungeon.
             The game lasted 00:00:32 (74 turns).

MisterOstroum the Charmwright (Skeleton Skald)        Turns: 74, Time: 00:00:33

Health: 0/12       AC:  3    Str: 17      XL:     1   Next: 66%
Magic:  0/4        EV: 12    Int: 10 (11) God:
Gold:   0          SH:  0    Dex:  8      Spells: 5/6 levels left

rFire    . . .     SeeInvis .   a - +0 spear
rCold    + . .     Gourm    .   (no shield)
rNeg     + + +     Faith    .   b - +0 leather armour
rPois    ∞         Spirit   +   (no helmet)
rElec    .         Reflect  .   (no cloak)
rCorr    .         Harm     .   (no gloves)
MR       .....                  (no boots)
Stlth    +.........             (no amulet)
HPRegen  0.04/turn              (no ring)
MPRegen  0.09/turn              (no ring)

@: no status effects
A: no food or potions, cold resistance 1, deterioration 1, negative energy
resistance 3, torment resistance, unbreathing, magic shield, sturdy frame 1,
spell healing
a: no special abilities


You were on level 1 of the Dungeon.
You were not hungry.

You visited 1 branch of the dungeon, and saw 1 of its levels.

Inventory:

Hand Weapons
 a - a +0 spear (weapon)
Armour
 b - a +0 leather armour (worn)
Scrolls
 d - a scroll of fear {!r}


   Skills:
 + Level 2.0 Fighting
 * Level 2.7 Polearms
 - Level 1.1 Armour
 - Level 2.0 Dodging
 + Level 3.1 Spellcasting
 * Level 3.4 Charms


You had 5 spell levels left.
You knew the following spells:

 Your Spells              Type           Power        Failure   Level  Hunger
a - Infusion              Chrm           #.......     7%          1    N/A

Your spell library contained the following spells:

 Spells                   Type           Power        Failure   Level  Hunger
 Song of Slaying          Chrm           #.......     11%         2    N/A
 Ozocubu's Armour         Chrm/Ice       #.......     41%         3    N/A
 Spectral Weapon          Hex/Chrm       #.......     41%         3    N/A
 Regeneration             Chrm/Necr      Unusable     N/A         3    N/A

Dungeon Overview and Level Annotations

Branches:
Dungeon (1/12)

Altars:


Innate Abilities, Weirdness & Mutations

You do not eat or drink.
You are immune to poison.
Your flesh is cold resistant. (rC+)
Your body sometimes deteriorates upon taking damage.
You are immune to negative energy. (rN+++)
You are immune to unholy pain and torment.
You can survive without breathing.
When hurt, damage is shared between your health and your magic reserves.
Your movements are slightly less encumbered by armour. (ER -2)
Casting spells heals you.


Message History

You begin infusing your attacks with magical energy.
Attack whom?
Press: ? - help, Dir - move target cursor, f - rat
Aim: a rat You reach to attack!
You hit the rat.
You kill the rat!
You hit the goblin.
The goblin is severely wounded.
Your magical infusion is running out.
The goblin closely misses you.
You hit the goblin.
You kill the goblin!
No target in view!
No target in view!
No target in view!
No target in view!
No target in view!
No target in view!
No target in view!
No target in view!
No target in view!
You are no longer magically infusing your attacks.
Magic restored.
You see here a rat corpse.
A goblin comes into view. It is wielding a +0 club.
The goblin shouts!
You hear an angry hiss.
A goblin comes into view. It is wielding a +0 dagger.
You hear a shout!
There are monsters nearby!
A ball python comes into view.
The ball python hisses angrily.
A kobold comes into view.
You barely miss the goblin. The goblin hits you but does no damage.
The ball python barely misses you. The ball python closely misses you.
You closely miss the ball python. The goblin hits you but does no damage.
The ball python bites you. The ball python grabs you.
The ball python constricts you.
You hit the ball python.
The ball python is severely wounded.
The goblin hits you but does no damage. The ball python bites you.
The ball python constricts you.
You closely miss the ball python.
The ball python is severely wounded.
The ball python barely misses you. The ball python constricts you.
The goblin closely misses you.
You closely miss the ball python.
The ball python is severely wounded.
The ball python misses you. The ball python constricts you.
The kobold barely misses you. The goblin hits you but does no damage.
The goblin hits you with a +0 club.
You are too injured to fight recklessly!
You are too injured to fight recklessly!
You are too injured to fight recklessly!
You are too injured to fight recklessly!
Casting: Infusion (safe; 7% risk of failure)
Confirm with . or Enter, or press ? or * to list all spells.
You begin infusing your attacks with magical energy.
The ball python barely misses you. The ball python constricts you.
The kobold closely misses you. The goblin completely misses you.
The goblin hits you but does no damage.
The ball python bites you but does no damage.
The ball python constricts you.
You are too injured to fight recklessly!
Casting: Infusion (safe; 7% risk of failure)
Confirm with . or Enter, or press ? or * to list all spells.
You don't have enough magic to cast that spell.
Casting: Infusion (safe; 7% risk of failure)
Confirm with . or Enter, or press ? or * to list all spells.
You don't have enough magic to cast that spell.
You escape the ball python's grasp.
The kobold barely misses you.
Unknown command.
The ball python misses you. The ball python grabs you.
The ball python constricts you.
You escape the ball python's grasp.
You are too injured to fight recklessly!
Your leather armour prevents you from hitting the goblin.
The goblin hits you with a +0 dagger.
* * * LOW HITPOINT WARNING * * *
Your body deteriorates!
You feel dopey.
You hit the goblin but do no damage. The goblin barely misses you.
You closely miss the goblin.
Your magical infusion is running out.
The goblin hits you but does no damage.
You hit the goblin.
You kill the goblin!
You hit the kobold.
The kobold is severely wounded.
The kobold barely misses you.
You barely miss the kobold.
The kobold is severely wounded.
The kobold closely misses you.
You hit the kobold.
You kill the kobold!
You closely miss the ball python.
The ball python is heavily wounded.
The ball python bites you but does no damage.
The ball python closely misses you.
You are no longer magically infusing your attacks.
The ball python bites you.
You die...

.. ....#....# ...
........ #..##.....
#.......## .
##....##...
###..........
##.##.....####
###..Sg...#.#
..##>#<#.@##...#.###
.....................
######!#####†...#..##
#. #....##.# #.
#....# .# #. #....# .
#. #....# #. #....#
#....#


You could see a goblin and a ball python.

Vanquished Creatures
  2 goblins (D:1)
  A kobold (D:1)
  A ball python (D:1)
  A rat (D:1)
5 creatures vanquished.

Notes
Turn   | Place    | Note
-------+----------+-------------------------------------------
     0 | D:1      | MisterOstroum the Skeleton Skald began the quest for the
                  | Orb.
     0 | D:1      | Reached XP level 1. HP: 12/12 MP: 4/4
    74 | D:1      | Slain by a ball python

Action                   || total
-------------------------++-------
Melee: Spear             ||    17
 Cast: Infusion          ||     2
Armor: Leather armour    ||     7
Dodge: Dodged            ||    16
